 Dungeon Crawl Stone Soup version 0.31-a0-844-gdc52ec4e09 (webtiles) character file.

Game seed: 7463011094118702668

10677 GigaChad the Cleaver (level 11, -5/81 (83) HPs) *EXPLORE*
             Began as a Formicid Fighter on Sept 29, 2023.
             Was a Believer of the Shining One.
             Slain by a two-headed ogre
             ... wielding a +0 giant club
              (16 damage)
             ... on level 11 of the Dungeon.
             The game lasted 00:15:33 (10481 turns).

GigaChad the Cleaver (Formicid Fighter)            Turns: 10481, Time: 00:15:34

HP:   -5/81 (83)    AC: 12    Str: 26    XL:     11   Next: 97%
MP:   17/17         EV:  7    Int:  7    God:    the Shining One [**....]
Gold: 687           SH:  6    Dex: 19    Spells: 18/18 levels left

rFire   . . .        M - +0 battleaxe
rCold   . . .        c - +0 buckler
rNeg    + . .        N - +0 plate armour
rPois   .            (helmet unavailable)
rElec   .            (no cloak)
rCorr   +            x - -2 pair of gloves of the Sufficient God {+Inv Will+++ rCorr Stlth-}
SInv    +            (no boots)
Will    ++++.        (no amulet) Stlth
                     F - +6 ring of dexterity
HPRegen 0.33/turn    (no ring)
MPRegen 0.15/turn

%: no passive effects
@: glowing, lightly drained
A: permanent stasis, dig shafts and tunnels, antennae 3, four strong arms
a: Dig, Shaft Self, Renounce Religion, Evoke Invisibility, Divine Shield


You were on level 11 of the Dungeon.
You worshipped the Shining One.
The Shining One was pleased with you.
You visited 2 branches of the dungeon, and saw 12 of its levels.

You collected 687 gold pieces.

Inventory:

Hand Weapons
 a - a +1 war axe
 k - the +4 short sword of Unbearable Courage {flame, rN+ Int+3}
   (You found it on level 2 of the Dungeon)

   Int+3:     It affects your intelligence (+3).
   rN+:       It protects you from negative energy.
 q - a +0 morningstar
 D - a +6 heavy spear
 M - a +0 battleaxe (weapon)
Missiles
 G - a throwing net
Armour
 c - a +0 buckler (worn)
 i - a +0 chain mail
 r - a +3 chain mail
 x - the -2 pair of gloves of the Sufficient God (worn) {+Inv Will+++ rCorr Stlth-}
   (You acquired it on level 8 of the Dungeon)

   Will+++:   It greatly increases your willpower.
   +Inv:      It lets you turn invisible.
   rCorr:     It protects you from acid and corrosion.
   Stlth-:    It makes you less stealthy.
 I - +0 acid dragon scales
 N - a +0 plate armour (worn)
Jewellery
 y - a ring of flight
 F - a +6 ring of dexterity (left hand)
Talismans
 w - a flux talisman
Wands
 m - a wand of iceblast (24)
 p - a wand of paralysis (11)
 C - a wand of mindburst (35)
Scrolls
 l - a scroll of silence
 o - a scroll of enchant armour {unknown}
 s - 7 scrolls of teleportation
 t - a scroll of amnesia
 v - 5 scrolls of identify
 E - a scroll of fear {unknown}
 J - a scroll of poison
 L - 2 scrolls of revelation {unknown}
Potions
 b - a potion of cancellation {unknown}
 d - 5 potions of might
 e - 3 potions of brilliance
 f - a potion of curing {unknown}
 g - 4 potions of degeneration {unknown}
 h - 2 potions of heal wounds
 j - 3 potions of invisibility {unknown}
 n - a potion of mutation {unknown}
 u - a potion of ambrosia {unknown}
 z - a potion of lignification {unknown}
 A - a potion of attraction {unknown}
 B - a potion of resistance {unknown}
 O - a potion of magic {unknown}


   Skills:
 * Level 6.8 Fighting
 * Level 10.0(10.8) Axes
 * Level 4.7(8.0) Maces & Flails
 * Level 4.0(7.6) Polearms
 * Level 7.6 Armour
 * Level 6.1 Stealth
 * Level 7.4 Shields
 * Level 4.3 Spellcasting
 * Level 5.4 Hexes
 * Level 4.7 Invocations
 * Level 3.6 Shapeshifting


You had 18 spell levels left.
You didn't know any spells.
Your spell library contained the following spells:

 Spells                   Type           Power      Damage    Failure   Level
 Jinxbite                 Hex            18%        N/A       52%         2
 Ensorcelled Hibernation  Hex/Ice        10%        N/A       88%         2
 Dazzling Flash           Conj/Hex       10%        N/A       98%         3
 Static Discharge         Conj/Air       2%         2-3/arc   99%         2
 Volatile Blastmotes      Fire/Tloc      2%         2d10      100%        3
 Airstrike                Air            0%         2d(1-17)  100%        4
 Anguish                  Hex/Necr       2%         N/A       100%        4
 Manifold Assault         Tloc           1%         N/A       100%        4
 Summon Lightning Spire   Summ/Air       1%         N/A       100%        4
 Starburst                Conj/Fire      0%         6d3       100%        6
 Maxwell's Capacitive Co  Air            0%         ∞         100%        8
 Blink                    Tloc           Unusable   N/A       N/A         2

Dungeon Overview and Level Annotations

Branches:
Dungeon (11/15)            Temple (1/1) D:4            Lair (0/5) D:9
    Orc: D:9-12

Altars:
Ashenzari
Cheibriados
Dithmenos
Elyvilon
Fedhas
Gozag
Hepliaklqana
Kikubaaqudgha
Makhleb
Nemelex Xobeh
Okawaru
Qazlal
Ru
Sif Muna
Trog
Uskayaw
Vehumet
Wu Jian
Xom
Yredelemnul
Zin
The Shining One

Shops:
D:9 (

Annotations:
D:10 2 transporters, exclusion: oklob plant, osoart's ghost, novice DsSh
D:11 Maurice


Innate Abilities, Weirdness & Mutations

You cannot be hasted, slowed, berserked, paralysed or teleported.
You can dig through walls and to a lower floor.
You have a pair of large antennae on your head. (SInv)
Your four strong arms can wield two-handed weapons with a shield.


Message History

Maurice unwields a +0 dagger.
Maurice drops a +0 dagger.
Maurice picks up a +0 mace.
Maurice wields a +0 mace.
Maurice mumbles some strange words.
Maurice blinks!
You see here a +0 dagger.
You block the two-headed ogre's attack.
The two-headed ogre hits you with a +0 giant spiked club!
Maurice mumbles some strange words.
Maurice blinks!
You hit the two-headed ogre.
The two-headed ogre is lightly wounded.
The two-headed ogre barely misses you.
The two-headed ogre hits you with a +0 giant spiked club!
You slash the two-headed ogre!
The two-headed ogre is moderately wounded.
You slash the two-headed ogre!
The two-headed ogre is heavily wounded.
You block the two-headed ogre's attack.
The two-headed ogre hits you with a +0 giant spiked club!
Maurice mumbles some strange words.
Maurice blinks!
You are too injured to fight recklessly!
You are too injured to fight recklessly!
You are too injured to fight recklessly!
Unknown command.
You slash the two-headed ogre!
The two-headed ogre is severely wounded.
The two-headed ogre hits you with a +0 giant club!!
* * * LOW HITPOINT WARNING * * *
The two-headed ogre completely misses you.
You hit the two-headed ogre.
The two-headed ogre is severely wounded.
You slash Maurice! Maurice hits you with a +0 mace.
* * * LOW HITPOINT WARNING * * *
Maurice steals your ring of wizardry!
Maurice puts on a ring of wizardry.
Maurice mumbles some strange words.
Maurice blinks!
The two-headed ogre hits you but does no damage.
The two-headed ogre hits you with a +0 giant spiked club!
You die...

...............
..#............
............?.#
..............#
............§..#
..............#
........O....@#
........@.....##
...$...#§#....>#
.........#....<.
...#...........
#..##<...†......
#........†.....#
##.....#.......#
#######.#...###
#######


You could see Maurice (invisible) and a two-headed ogre.

Vanquished Creatures
  5 death yaks (D:9)
  A gargoyle (D:11)
  Joseph (D:8)
  Maggie (D:8)
  An unseen horror (D:10)
  Prince Ribbit (D:8)
  Sigmund (D:3)
  2 wyverns
  16 yaks
  2 steam dragons
  An acid dragon (D:9)
  2 orc warriors (D:9)
  A sky beast (D:7)
  An ice beast (D:5)
  3 centaurs
  An ogre (D:7)
  2 phantoms (D:5)
  3 kobold brigands
  5 bullfrogs
  A gnoll sergeant (D:7)
  A scorpion (D:6)
  15 killer bees
  5 howler monkeys
  3 jellies (D:5)
  5 orc priests
  7 hounds
  Ijyb (D:3)
  Terence (D:3)
  6 iguanas
  8 orc wizards
  An adder (D:3)
  10 gnolls
  A shadow imp (D:5)
  3 white imps
  An ufetubus (D:6)
  2 worms
  3 dart slugs
  45 orcs
  6 endoplasms
  2 giant cockroaches (D:1)
  4 goblins
  13 hobgoblins
  5 quokkas
  3 ball pythons
  3 bats
  2 frilled lizards (D:2)
  20 kobolds
  6 rats
  A spectral kobold (D:2)
234 creatures vanquished.

Notes
Turn   | Place    | Note
-------+----------+-------------------------------------------
     0 | D:1      | GigaChad the Formicid Fighter began the quest for the Orb.
     0 | D:1      | Reached XP level 1. HP: 18/18 MP: 1/1
     0 | D:1      | Entered explore mode.
    84 | D:1      | Reached XP level 2. HP: 22/24 MP: 2/2
   538 | D:1      | Reached XP level 3. HP: 29/29 MP: 3/3
   830 | D:2      | Found a bloodstained altar of Trog.
   834 | D:2      | Found a faded altar of an unknown god.
   883 | D:2      | Identified the +4 short sword of Unbearable Courage {flame,
                  | rN+ Int+3}
  1287 | D:2      | Reached skill level 1 in Hexes
  1319 | D:2      | Reached XP level 4. HP: 35/35 MP: 4/4
  1538 | D:3      | Noticed Sigmund
  1543 | D:3      | Killed Sigmund
  1544 | D:3      | Reached skill level 3 in Axes
  1544 | D:3      | Reached skill level 1 in Maces & Flails
  1544 | D:3      | Reached skill level 1 in Stealth
  1544 | D:3      | Reached XP level 5. HP: 34/42 MP: 4/6
  1544 | D:3      | Reached XP level 6. HP: 39/48 MP: 4/7
  1696 | D:3      | Noticed Terence
  1707 | D:3      | HP: 2/48 [Terence/+3 trident (5)]
  1708 | D:3      | Slain by Terence
                  | ... wielding a +3 trident
                  | (3 damage)
  1709 | D:3      | Killed Terence
  1710 | D:3      | Reached skill level 1 in Spellcasting
  1895 | D:3      | Noticed Ijyb
  1909 | D:3      | Killed Ijyb
  2025 | D:3      | Reached skill level 4 in Axes
  2357 | D:4      | Found a bloodstained altar of Trog.
  2781 | D:4      | Found a staircase to the Ecumenical Temple.
  2823 | Temple   | Entered the Ecumenical Temple
  2865 | Temple   | Became a worshipper of the Shining One
  2895 | D:5      | Entered Level 5 of the Dungeon
  2906 | D:5      | Noticed an ice beast
  2915 | D:5      | Reached XP level 7. HP: 32/54 MP: 8/8
  3062 | D:5      | Reached skill level 5 in Axes
  3062 | D:5      | Reached skill level 5 in Shields
  3193 | D:5      | Reached XP level 8. HP: 55/60 MP: 10/10
  3400 | D:5      | Reached * piety under the Shining One
  3501 | D:5      | Noticed a +0 falchion
  3502 | D:5      | Noticed a +0 dagger
  3502 | D:5      | Noticed a +0 spear
  3502 | D:5      | Noticed a +0 falchion
  3503 | D:5      | Noticed a +0 short sword
  3503 | D:5      | Noticed a +0 short sword
  3503 | D:5      | Noticed a +0 dagger
  3503 | D:5      | Noticed a +0 spear
  3505 | D:5      | Found a hide-covered altar of Uskayaw.
  3544 | D:5      | Found a sacrificial altar of Ru.
  3678 | D:6      | Reached skill level 5 in Armour
  3830 | D:6      | Found a sparkling altar of Nemelex Xobeh.
  3858 | D:6      | Reached skill level 1 in Invocations
  3874 | D:6      | Reached skill level 1 in Polearms
  3876 | D:6      | Reached skill level 6 in Axes
  3876 | D:6      | Reached skill level 1 in Shapeshifting
  4122 | D:6      | Reached XP level 9. HP: 66/66 MP: 12/12
  4903 | D:7      | Found a hazy altar of Hepliaklqana.
  5403 | D:7      | Reached skill level 5 in Fighting
  5403 | D:7      | Reached skill level 7 in Axes
  5747 | D:7      | Found an opulent altar of Gozag.
  5993 | D:8      | Found a shadowy altar of Dithmenos.
  6331 | D:8      | Found a shimmering blue altar of Sif Muna.
  6356 | D:8      | Noticed Joseph
  6358 | D:8      | Noticed Maggie
  6379 | D:8      | Killed Joseph
  6380 | D:8      | Reached XP level 10. HP: 20/74 MP: 14/14
  6383 | D:8      | Killed from afar by Maggie (21 damage)
                  | ... with a bolt of fire
  6393 | D:8      | Killed Maggie
  6557 | D:8      | Reached skill level 8 in Axes
  6559 | D:8      | HP: 2/74 [killer bee (4)]
  6559 | D:8      | Slain by a killer bee (3 damage)
  6573 | D:8      | Slain by a killer bee (6 damage)
  6581 | D:8      | Identified a scroll of acquirement
  6582 | D:8      | Acquired the -2 pair of gloves of the Sufficient God {+Inv
                  | Will+++ rCorr Stlth-}
  6653 | D:8      | Noticed Prince Ribbit
  6660 | D:8      | Killed Prince Ribbit
  7074 | D:9      | Reached ** piety under the Shining One
  7091 | D:9      | Reached skill level 5 in Stealth
  7094 | D:9      | HP: 1/76 [yak (6)]
  7095 | D:9      | The Shining One protects you from harm!
  7098 | D:9      | Mangled by a yak (9 damage)
  7254 | D:9      | Found Footziny's Weapon Shop.
  7354 | D:9      | HP: 3/76 [killer bee (3)]
  7357 | D:9      | HP: 1/76 [poisoned by a killer bee]
  8017 | D:9      | Noticed a death yak
  8020 | D:9      | Noticed a death yak
  8020 | D:9      | Noticed a death yak
  8020 | D:9      | Noticed a death yak
  8022 | D:9      | Noticed a death yak
  8031 | D:9      | The Shining One protects you from harm!
  8032 | D:9      | Mangled by a death yak (17 damage)
  8036 | D:9      | Killed a death yak
  8037 | D:9      | Reached skill level 9 in Axes
  8037 | D:9      | Reached XP level 11. HP: 5/81 MP: 16/16
  8037 | D:9      | HP: 3/81 [death yak (3)]
  8038 | D:9      | Slain by a death yak (3 damage)
  8045 | D:9      | HP: 1/81 [death yak (22)]
  8046 | D:9      | Mangled by a death yak (14 damage)
  8048 | D:9      | Killed a death yak
  8055 | D:9      | HP: 3/82 [death yak (22)]
  8057 | D:9      | Slain by a death yak (4 damage)
  8060 | D:9      | Slain by a death yak (22 damage)
  8065 | D:9      | Killed a death yak
  8066 | D:9      | Reached skill level 5 in Hexes
  8068 | D:9      | HP: 2/83 [death yak (10)]
  8069 | D:9      | Mangled by a death yak (14 damage)
  8073 | D:9      | Killed a death yak
  8074 | D:9      | Found a staircase to the Lair.
  8081 | D:9      | Killed a death yak
  8713 | D:9      | Found a stormy altar of Qazlal.
  8833 | D:9      | Found a blossoming altar of Fedhas.
  8842 | D:9      | Found an ornate altar of the Wu Jian Council.
  8857 | D:10     | Entered Level 10 of the Dungeon
  8876 | D:10     | Noticed an oklob plant
  9166 | D:10     | Noticed osoart's ghost (novice DsSh)
  9167 | D:10     | Noticed a cyclops
  9168 | D:10     | Identified the +6 trident of Recklessness {freeze, Will+
                  | Int+3 Dex+3}
  9168 | D:10     | Noticed an orc knight
  9170 | D:10     | Noticed a two-headed ogre
  9178 | D:10     | Noticed an orc knight
  9270 | D:10     | Found a transporter.
  9273 | D:10     | Found a transporter.
  9993 | D:10     | Identified the +3 robe of Dithmenos's Pride {Slay+3}
 10227 | D:10     | Found a broken altar of Ashenzari.
 10245 | D:10     | Reached skill level 10 in Axes
 10456 | D:11     | Noticed Maurice
 10467 | D:11     | Maurice stole a +2 heavy halberd
 10472 | D:11     | Noticed a two-headed ogre
 10481 | D:11     | Maurice stole a ring of wizardry
 10481 | D:11     | Slain by a two-headed ogre

Illustrated notes

Levels and vault maps discovered:
D:1:      wander_arrival_lonely_grave, layout_basic
D:2:      layout_basic, dreamdust_ecumenical_altar_drowned_temple, basic_altar
D:3:      layout_basic, serial_curves, eino_curves_03, eino_curves_01,
          uniq_sigmund, uniq_terence, uniq_ijyb
D:4:      layout_rooms, mainiacjoe_overflow_alcove_2, minmay_temple_entry_fiery,
          hangedman_decor_points
D:5:      lemuel_ice_spiral_2, layout_rooms, nicolae_uskayaw_en_pointe,
          nicolae_ru_path_of_blood
D:6:      layout_cave_pods, nemelex_diamond_rough_becter, nicolae_benzene_ring,
          minivault_27
D:7:      layout_basic, nicolae_hepliaklqana_hazy_memory, grunt_gozag_statues,
          minmay_holes
D:8:      layout_basic, lemuel_doored_altar, grunt_dithmenos_smoke,
          uniq_prince_ribbit1, uniq_joseph, uniq_maggie
D:9:      minmay_general_purpose_star, layout_cave_pools,
          nicolae_qazlal_eye_of_the_storm, mainiacjoe_overflow_swirl,
          dpeg_lair_monsters, serial_shops, nicolae_take_the_stairs,
          grunt_decor_cap
D:10:     layout_grid_maze, nicolae_overflow_hidden_temple, nzn_ghost_randoct,
          minivault_24
D:11:     layout_cave_pools, serial_glass, glass_columns_a, glass_columns_c,
          grunt_ogre_cave, uniq_maurice, uniq_erolcha
Temple:   nicolae_temple_two_arcs

Skill      XL: |  1  2  3  4  5  6  7  8  9 10 11 |
---------------+----------------------------------+-----
Hexes          | 1 2 3 4 5 |  5.4
Axes           | 3 4 5 6 7 9 10 | 10.0
Maces & Flails | 1 2 3 4 |  4.7
Armour         | 4 5 6 7 |  7.6
Stealth        | 1 2 3 4 5 6 |  6.1
Spellcasting   | 1 2 3 4 |  4.3
Fighting       | 4 5 6 |  6.8
Shields        | 5 6 7 |  7.4
Invocations    | 1 2 3 4 |  4.7
Polearms       | 1 2 3 4 |  4.0
Shapeshifting  | 1 2 3 |  3.6

Action                     |  1- 3 |  4- 6 |  7- 9 | 10-12 || total
---------------------------+-------+-------+-------+-------++-------
  Melee: War axe           |    96 |    86 |   211 |   173 ||   566
         Halberd           |       |       |       |     5 ||     5
         Battleaxe         |       |       |       |    83 ||    83
Ability: Dig               |       |       |       |     2 ||     2
    Use: Scroll            |     3 |     3 |       |     4 ||    10
         Potion            |       |       |       |     1 ||     1
 Armour: Scale mail        |    66 |     2 |       |       ||    68
         Chain mail        |       |    72 |   235 |   271 ||   578
         Plate armour      |       |       |       |    96 ||    96
  Dodge: Dodged            |    32 |    26 |    98 |   128 ||   284
  Block: Buckler           |    26 |    24 |    87 |   111 ||   248

Table legend: (Time is in decaauts)
 A = Elapsed time spent in this place.
 B = Non-inter-level travel time spent in this place.
 C = Inter-level travel time spent in this place.
 D = Time resting spent in this place.
 E = Time spent auto-exploring this place.
 F = Levels seen in this place.
 G = Mean time per level.
                   A        B        C        D        E       F      G
               +--------+--------+--------+--------+--------+-----+--------+
         Total |  10621 |  10184 |    437 |   1112 |   7323 |  12 |  885.1 |
       Dungeon |  10570 |  10133 |    437 |   1112 |   7323 |  11 |  960.9 |
        Temple |     50 |     50 |      0 |      0 |      0 |   1 |   50.0 |
               +--------+--------+--------+--------+--------+-----+--------+

Top non-repeatable levels by time:
     D:9: 1789 daAuts
    D:10: 1609 daAuts
     D:6: 1207 daAuts
     D:8: 1140 daAuts
     D:7: 1088 daAuts
     D:3: 841 daAuts
     D:5: 790 daAuts
     D:2: 787 daAuts
     D:1: 726 daAuts
     D:4: 560 daAuts
  Temple: 50 daAuts
    D:11: 27 daAuts
